 Dungeon Crawl Stone Soup version 0.32-a0-18-g89e19f1974 (webtiles) character file.

Game seed: 10379339625270192442

185 Curundu the Chopper (level 5, -9/45 HPs)
             Began as a Minotaur Berserker on Jan 16, 2024.
             Was a Believer of Trog.
             Mangled by a gnoll
             ... wielding a +0 halberd
              (14 damage)
             ... on level 3 of the Dungeon.
             The game lasted 00:07:25 (2796 turns).

Curundu the Chopper (Minotaur Berserker)            Turns: 2796, Time: 00:07:26

Health: -9/45      AC:  3    Str: 23    XL:     5   Next: 37%
Magic:  4/4        EV: 12    Int:  4    God:    Trog [**....]
Gold:   148        SH:  0    Dex: 10    Spells: 4/4 levels left

rFire   . . .        a - +0 hand axe
rCold   . . .        (no shield)
rNeg    . . .        b - +0 animal skin
rPois   .            (helmet restricted)
rElec   .            (no cloak)
rCorr   .            (no gloves)
SInv    .            g - +0 pair of boots
Will    ++...        (no amulet)
Stlth   +            (no ring)
HPRegen 1.27/turn    (no ring)
MPRegen 0.09/turn

%: no passive effects
@: strong-willed, regenerating
A: horns 2, retaliatory headbutt
a: Renounce Religion, Berserk, Trog's Hand


You were on level 3 of the Dungeon.
You worshipped Trog.
Trog was pleased with you.
You visited 1 branch of the dungeon, and saw 3 of its levels.

You collected 148 gold pieces.

Inventory:

Hand Weapons
 a - a +0 hand axe (weapon)
Armour
 b - a +0 animal skin (worn)
 g - a +0 pair of boots (worn)
Scrolls
 f - a scroll of amnesia
 h - a scroll of immolation {unknown}
Potions
 c - 2 potions of brilliance
 d - a potion of might
 e - a potion of enlightenment {unknown}


   Skills:
 - Level 3.6 Fighting
 + Level 7.4 Axes
 - Level 2.4 Armour
 - Level 2.1 Dodging


You had 4 spell levels left.
You didn't know any spells.
Your spell library was empty.

Dungeon Overview and Level Annotations

Branches:
Dungeon (3/15)

Altars:


Innate Abilities, Weirdness & Mutations

You have a pair of horns on your head.
You reflexively headbutt those who attack you in melee.


Message History

You see here a +0 flail.
The gnoll hits you with a +0 flail!
You hit the gnoll.
The gnoll is lightly wounded.
The gnoll closely misses you.
You slash the gnoll!
The gnoll is almost dead.
The gnoll closely misses you.
You hit the gnoll.
The gnoll is almost dead.
You hit the gnoll but do no damage. You headbutt the gnoll.
You kill the gnoll!
Trog accepts your kill.
A gnoll comes into view. It is wielding a +0 halberd.
You barely miss the gnoll. The gnoll closely misses you.
You barely miss the gnoll.
The gnoll shouts!
The gnoll closely misses you.
You see here a +0 flail.
The gnoll hits you with a +0 flail!
You hit the gnoll.
The gnoll is heavily wounded.
The gnoll closely misses you. x2
You hit the gnoll.
The gnoll is severely wounded.
The gnoll misses you. The gnoll barely misses you.
You hit the gnoll but do no damage. Your headbutt misses the gnoll.
The gnoll is severely wounded.
The gnoll barely misses you. You furiously retaliate!
You headbutt the gnoll.
The gnoll hits you from afar with a +0 halberd.
* * * LOW HITPOINT WARNING * * *
You hit the gnoll. You headbutt the gnoll.
You kill the gnoll!
Trog accepts your kill.
The gnoll hits you from afar with a +0 halberd!
* * * LOW HITPOINT WARNING * * *
Your skin crawls.
You feel strong-willed.
The gnoll hits you from afar with a +0 halberd!
You die...

#...........# .....##..
#...........# #....##..
#...........# #....##..
#........[..# #.......#
#...%.......# #....##.#
#)..........# #....##.#
#...........# #....##.######
#...........#
#..........)@####...........#
#.....#.####)#...##########.#
#####.....#....#g#.###........#.#
..........####.#(#.# #........###
#####.....#....#.#.###..###...###
##.##.#.#........'..#..#..'.#
#.#..#.#.##.....').#(.#..'..
#.#..#.#......###...###..#..
#####....#.#####..###........#..


You could see a gnoll.

Vanquished Creatures
  A bombardier beetle (D:3)
  6 gnolls (D:3)
  4 adders (D:2)
  A ribbon worm (D:2)
  An orc (D:3)
  6 bats
  5 endoplasms
  2 giant cockroaches (D:2)
  4 goblins
  4 hobgoblins
  4 kobolds
  4 quokkas
  8 ball pythons
  5 frilled lizards
  A rat (D:1)
56 creatures vanquished.

Notes
Turn   | Place    | Note
-------+----------+-------------------------------------------
     0 | D:1      | Curundu the Minotaur Berserker began the quest for the Orb.
     0 | D:1      | Reached XP level 1. HP: 19/19 MP: 0/0
    48 | D:1      | Reached skill level 4 in Axes
    64 | D:1      | Reached XP level 2. HP: 12/26 MP: 1/1
   381 | D:1      | Reached ** piety under Trog
   415 | D:1      | Reached skill level 5 in Axes
   834 | D:2      | Reached XP level 3. HP: 31/31 MP: 2/2
  1549 | D:2      | Reached skill level 6 in Axes
  1549 | D:2      | Reached XP level 4. HP: 36/39 MP: 3/3
  2413 | D:3      | Reached skill level 7 in Axes
  2413 | D:3      | Reached XP level 5. HP: 37/45 MP: 4/4
  2796 | D:3      | Mangled by a gnoll

Illustrated notes

Levels and vault maps discovered:
D:1:      dpeg_arrival_lava_temple_mockup, layout_rooms, feat_on_display
D:2:      layout_loops_corners, serial_forest, infiniplex_forest_clump_diagonal,
          infiniplex_forest_straight_2, infiniplex_forest_lined_room_3,
          infiniplex_forest_end_2, infiniplex_forest_end_2,
          infiniplex_forest_straight_4, infiniplex_forest_clump_cross,
          infiniplex_forest_clump_long, infiniplex_forest_clump_C
D:3:      layout_basic, makhleb_altar_promises_db, kennysheep_generic_room_7

Skill      XL: |  1  2  3  4 |
---------------+-------------+-----
Axes           | 4 5 6 7 |  7.4
Fighting       | |  3.6
Armour         | |  2.4
Dodging        | |  2.1

Action                     |  1- 3 |  4- 6 || total
---------------------------+-------+-------++-------
  Melee: Hand axe          |    67 |   301 ||   368
         Headbutt          |     7 |    94 ||   101
         Punch             |     2 |     4 ||     6
 Invoke: Trog's Hand       |       |     1 ||     1
    Use: Scroll            |     1 |     3 ||     4
 Armour: Animal skin       |    38 |    27 ||    65
  Dodge: Dodged            |    37 |    40 ||    77

Table legend: (Time is in decaauts)
 A = Elapsed time spent in this place.
 B = Non-inter-level travel time spent in this place.
 C = Inter-level travel time spent in this place.
 D = Time resting spent in this place.
 E = Time spent auto-exploring this place.
 F = Levels seen in this place.
 G = Mean time per level.
                   A        B        C        D        E       F      G
               +--------+--------+--------+--------+--------+-----+--------+
         Total |   2794 |   2794 |      0 |     38 |   1920 |   3 |  931.3 |
       Dungeon |   2794 |   2794 |      0 |     38 |   1920 |   3 |  931.3 |
               +--------+--------+--------+--------+--------+-----+--------+

Top non-repeatable levels by time:
     D:2: 1426 daAuts
     D:1: 803 daAuts
     D:3: 564 daAuts
